AA SOUTH
BIRMINGHAM BARONS @ CHATTANOOGA LOOKOUTS
05/12/2042
 
TOP OF THE 1ST
Birmingham Barons batting - Pitching for Chattanooga Lookouts : RHP Tony Alfaro
Pitching: RHP Tony Alfaro
Batting: RHB Sergio Rodríguez 0-0: Ground out 4-3 (Groundball, 4, EV 91.9 MPH)
Batting: LHB Bob Douglas 0-0: Ball
1-0: Hit by Pitch
Batting: RHB Jon Nelson 0-0: Called Strike
0-1: Swinging Strike
0-2: Foul Ball, location: 2RF
0-2: Ball
Wild Pitch!
Bob Douglas to second
1-2: Ground out 1-3 (Groundball, 34S, EV 63.1 MPH)
Bob Douglas to third
Batting: SHB Ken Ortíz 0-0: Ball
1-0: Called Strike
1-1: Ball
2-1: Foul Ball, location: 7LSF
2-2: Foul Ball, location: 9LMFF
2-2: Foul Ball, location: 2F
2-2: Ball
3-2: Strikes out swinging
Top of the 1st over - 0 runs, 0 hits, 0 errors, 1 left on base; Birmingham 0 - Chattanooga 0
BOTTOM OF THE 1ST
Chattanooga Lookouts batting - Pitching for Birmingham Barons : RHP Rusty Hamm
Pitching: RHP Rusty Hamm
Batting: SHB Dan Gray 0-0: Ball
1-0: Ball
2-0: Ball
3-0: Called Strike
3-1: Base on Balls
Batting: LHB Wally Jeffreys 0-0: Foul Ball, location: 5FF
0-1: Bunted foul
0-2: SINGLE (Flyball, 6D, EV 84.4 MPH)
Dan Gray to second
Batting: LHB Jeff Chase 0-0: Called Strike
0-1: Foul Ball, location: 7LDF
0-2: Ball
1-2: Foul Ball, location: 2F
1-2: Ball
2-2: Ball
3-2: Foul Ball, location: 2F
3-2: Fly out, F9 (Flyball, 9D, EV 90.6 MPH)
Runner from 2nd tags up, SAFE at 3rd, no throw by RF
Batting: RHB Ric Thompson 0-0: Foul Ball, location: 25F
0-1: DOUBLE (Line Drive, 9LS, EV 94.4 MPH)
Dan Gray scores
Wally Jeffreys to third
Runner from 3rd tries for Home, SAFE, throw by RF to home
Batting: RHB Jon Castaneda 0-0: Foul Ball, location: 25FF
0-1: DOUBLE (Flyball, 78D, EV 93.1 MPH)
Ric Thompson scores
Batting: RHB Brendan Rogers 0-0: Called Strike
0-1: Ball
1-1: Ball
2-1: SINGLE (Groundball, 6, EV 100.0 MPH)
Jon Castaneda to third
Batting: LHB Sal Anderson 0-0: Ball
1-0: Called Strike
1-1: Ball
2-1: Foul Ball, location: 9LSF
2-2: Strikes out swinging
Batting: LHB Raúl Morales 0-0: Ball
1-0: Ball
2-0: Reached on error, E4 (Groundball, 34, EV 104.4 MPH)
Jon Castaneda scores
Brendan Rogers to second
Batting: RHB Cristián Vázquez 0-0: Swinging Strike
0-1: Foul Ball, location: 9LSF
0-2: Ball
1-2: Ball
2-2: Strikes out swinging
Bottom of the 1st over - 4 runs, 4 hits, 1 error, 2 left on base; Birmingham 0 - Chattanooga 4
TOP OF THE 2ND
Birmingham Barons batting - Pitching for Chattanooga Lookouts : RHP Tony Alfaro
Batting: RHB Chris Holt 0-0: Fly out, F4 (Popup, 3S, EV 71.3 MPH)
Batting: LHB Rusty Hamm 0-0: Ball
1-0: Ball
2-0: Ball
3-0: Called Strike
3-1: Fly out, F7 (Line Drive, 7, EV 93.8 MPH)
Batting: RHB Luis Trevino 0-0: Ball
1-0: Ball
2-0: Ball
3-0: Base on Balls
Batting: RHB Alfredo Pacheco 0-0: Ball
1-0: Called Strike
1-1: Called Strike
Luis Trevino is caught stealing 2nd base 2-4
Top of the 2nd over - 0 runs, 0 hits, 0 errors, 0 left on base; Birmingham 0 - Chattanooga 4
BOTTOM OF THE 2ND
Chattanooga Lookouts batting - Pitching for Birmingham Barons : RHP Rusty Hamm
Batting: SHB Dan Gray 0-0: Ball
1-0: Ball
2-0: Foul Ball, location: 2F
2-1: Called Strike
2-2: SINGLE (Line Drive, 78S, EV 86.9 MPH)
Batting: LHB Wally Jeffreys 0-0: Called Strike
0-1: Sac Bunt to 13S - play at first, batter safe!
Dan Gray to second
Batting: LHB Jeff Chase 0-0: Foul Ball, location: 2F
0-1: Ball
1-1: Called Strike
1-2: Foul Ball, location: 2F
1-2: Strikes out swinging
Batting: RHB Ric Thompson 0-0: Called Strike
0-1: Swinging Strike
0-2: Ball
1-2: Ball
2-2: SINGLE (Line Drive, 4MD, EV 95.6 MPH)
Dan Gray to third
Wally Jeffreys to second
Batting: RHB Jon Castaneda 0-0: Ball
1-0: Ball
2-0: Called Strike
2-1: Ball
3-1: Base on Balls
Dan Gray scores
Wally Jeffreys to third
Ric Thompson to second
Pitching: RHP Juan Carlos Nava
Batting: RHB Brendan Rogers 0-0: Swinging Strike
0-1: Called Strike
0-2: Foul Ball, location: 9LMF
0-2: Fly out, F3 (Popup, 3S, EV 64.4 MPH)
Batting: LHB Sal Anderson 0-0: Fly out, F9 (Flyball, 9S, EV 87.5 MPH)
Bottom of the 2nd over - 1 run, 3 hits, 0 errors, 3 left on base; Birmingham 0 - Chattanooga 5
TOP OF THE 3RD
Birmingham Barons batting - Pitching for Chattanooga Lookouts : RHP Tony Alfaro
Batting: RHB Alfredo Pacheco 0-0: Ball
1-0: Ball
2-0: Called Strike
2-1: Ball
3-1: Called Strike
3-2: Foul Ball, location: 25F
3-2: Base on Balls
Batting: RHB César Chapa 0-0: Swinging Strike
0-1: DOUBLE (Line Drive, 78D, EV 108.8 MPH)
Alfredo Pacheco to third
Batting: RHB Sergio Rodríguez 0-0: Ball
1-0: Ball
2-0: Called Strike
2-1: Foul Ball, location: 2F
2-2: Ground out U3 (Groundball, 3S, EV 83.8 MPH)
Batting: LHB Bob Douglas 0-0: Ball
1-0: Ball
2-0: Called Strike
2-1: Ball
3-1: Foul Ball, location: 2F
3-2: Base on Balls
Batting: RHB Jon Nelson 0-0: Called Strike
0-1: Ball
1-1: Fly out, F8 (Line Drive, 8RD, EV 90.0 MPH)
Runner from 3rd tags up, SCORES, throw by CF
Batting: SHB Ken Ortíz 0-0: Ball
1-0: Foul Ball, location: 7LMF
1-1: Ball
2-1: Ball
3-1: Called Strike
3-2: Foul Ball, location: 2F
3-2: Foul Ball, location: 7LSF
3-2: Ground out U3 (Groundball, 34S, EV 86.3 MPH)
Top of the 3rd over - 1 run, 1 hit, 0 errors, 2 left on base; Birmingham 1 - Chattanooga 5
BOTTOM OF THE 3RD
Chattanooga Lookouts batting - Pitching for Birmingham Barons : RHP Juan Carlos Nava
Batting: LHB Raúl Morales 0-0: Called Strike
0-1: Foul Ball, location: 23FF
0-2: Ball
1-2: Ground out 4-3 (Groundball, 4, EV 85.0 MPH)
Batting: RHB Cristián Vázquez 0-0: Ball
1-0: Ball
2-0: Foul Ball, location: 9LSF
2-1: Foul Ball, location: 2F
2-2: Foul Ball, location: 2F
2-2: Foul Ball, location: 9LMF
2-2: Strikes out swinging
Batting: SHB Dan Gray 0-0: Foul Ball, location: 23F
0-1: Ball
1-1: Ground out 4-3 (Groundball, 4, EV 94.4 MPH)
Bottom of the 3rd over - 0 runs, 0 hits, 0 errors, 0 left on base; Birmingham 1 - Chattanooga 5
TOP OF THE 4TH
Birmingham Barons batting - Pitching for Chattanooga Lookouts : RHP Tony Alfaro
Batting: RHB Chris Holt 0-0: Foul Ball, location: 25F
0-1: Ball
1-1: Ball
2-1: Swinging Strike
2-2: Fly out, F4 (Popup, 4, EV 54.4 MPH)
Batting: LHB Rusty Hamm 0-0: Swinging Strike
0-1: Ball
1-1: Swinging Strike
1-2: Ball
2-2: Strikes out swinging
Batting: RHB Luis Trevino 0-0: Ball
1-0: Called Strike
1-1: Ball
2-1: Ball
3-1: Called Strike
3-2: Base on Balls
Batting: RHB Alfredo Pacheco 0-0: Swinging Strike
0-1: Foul Ball, location: 2F
0-2: Ball
1-2: Strikes out swinging
Top of the 4th over - 0 runs, 0 hits, 0 errors, 1 left on base; Birmingham 1 - Chattanooga 5
BOTTOM OF THE 4TH
Chattanooga Lookouts batting - Pitching for Birmingham Barons : RHP Juan Carlos Nava
Batting: LHB Wally Jeffreys 0-0: Ball
1-0: Ball
2-0: Called Strike
2-1: Ball
3-1: SINGLE (Groundball, 6D, EV 106.3 MPH)
Batting: LHB Jeff Chase 0-0: Ball
1-0: Fielders Choice at 2nd, 1-6 (Groundball, P, EV 65.6 MPH)
Batting: RHB Ric Thompson 0-0: Ball
1-0: Ball
2-0: Ball
3-0: Base on Balls
Jeff Chase to second
Batting: RHB Jon Castaneda 0-0: Ball
1-0: Called Strike
1-1: Ball
2-1: Foul Ball, location: 2F
2-2: Ball
3-2: Strikes out looking
Batting: RHB Brendan Rogers 0-0: Fielders Choice at 2nd, 6-4 (Groundball, 6, EV 102.5 MPH)
Bottom of the 4th over - 0 runs, 1 hit, 0 errors, 2 left on base; Birmingham 1 - Chattanooga 5
TOP OF THE 5TH
Birmingham Barons batting - Pitching for Chattanooga Lookouts : RHP Tony Alfaro
Batting: RHB César Chapa 0-0: Called Strike
0-1: Ball
1-1: Foul Ball, location: 23F
1-2: Foul Ball, location: 3F
1-2: Ball
2-2: Foul Ball, location: 2F
2-2: Strikes out looking
Batting: RHB Sergio Rodríguez 0-0: Called Strike
0-1: Ball
1-1: Called Strike
1-2: Ball
2-2: SINGLE (Line Drive, 8RS, EV 87.5 MPH)
Batting: LHB Bob Douglas 0-0: Called Strike
0-1: Ball
1-1: SINGLE (Flyball, 78M, EV 89.4 MPH)
Sergio Rodríguez to second
Batting: RHB Jon Nelson 0-0: Ball
1-0: SINGLE (Flyball, 8RS, EV 92.5 MPH)
Sergio Rodríguez to third
Bob Douglas to second
Batting: SHB Ken Ortíz 0-0: Called Strike
0-1: Ball
1-1: Foul Ball, location: 7LMF
1-2: Fly out, F7 (Flyball, 7, EV 83.8 MPH)
Runner from 3rd tags up, SCORES, throw by LF
Bob Douglas to third
Pitching: LHP Freddy Guillén
Batting: RHB Chris Holt 0-0: Called Strike
0-1: Ball
1-1: TRIPLE (Flyball, 78XD, EV 96.9 MPH)
Bob Douglas scores
Jon Nelson scores
Batting: RHB Chris Smith 0-0: Ball
1-0: Fly out, F8 (Flyball, 8LD, EV 88.1 MPH)
Top of the 5th over - 3 runs, 4 hits, 0 errors, 1 left on base; Birmingham 4 - Chattanooga 5
BOTTOM OF THE 5TH
Chattanooga Lookouts batting - Pitching for Birmingham Barons : RHP Juan Carlos Nava
Batting: LHB Sal Anderson 0-0: Ball
1-0: Called Strike
1-1: Swinging Strike
1-2: Ball
2-2: Foul Ball, location: 3F
2-2: Foul Ball, location: 2F
2-2: Ball
3-2: Foul Ball, location: 2RF
3-2: Foul Ball, location: 3F
3-2: Base on Balls
Batting: LHB Raúl Morales 0-0: Ball
1-0: Called Strike
Sal Anderson steals 2nd base
1-1: Sac Bunt to 15S - play at first, batter OUT! 1-3
Sal Anderson to third
Batting: RHB Cristián Vázquez 0-0: Ball
1-0: Foul Ball, location: 9LMF
1-1: Ball
2-1: Called Strike
2-2: 2-RUN HOME RUN (Flyball, 9D, EV 100.0 MPH), Distance : 384 ft
Batting: SHB Dan Gray 0-0: Ball
1-0: Ball
2-0: Called Strike
2-1: Foul Ball, location: 7LDF
2-2: Ground out 4-3 (Groundball, 4, EV 105.0 MPH)
Batting: LHB Wally Jeffreys 0-0: Ball
1-0: Ball
2-0: Foul Ball, location: 23FF
2-1: Foul Ball, location: 2F
2-2: Ground out 6-3 (Groundball, 4M, EV 89.4 MPH)
Bottom of the 5th over - 2 runs, 1 hit, 0 errors, 0 left on base; Birmingham 4 - Chattanooga 7
TOP OF THE 6TH
Birmingham Barons batting - Pitching for Chattanooga Lookouts : LHP Freddy Guillén
Batting: RHB Luis Trevino 0-0: Called Strike
0-1: Ball
1-1: Foul Ball, location: 2F
1-2: Ground out 5-3 (Groundball, 56, EV 86.3 MPH)
Batting: RHB Alfredo Pacheco 0-0: Ball
1-0: Foul Ball, location: 2F
1-1: Ball
2-1: Ball
3-1: Called Strike
3-2: Base on Balls
Batting: RHB César Chapa 0-0: Ball
1-0: Ball
2-0: Ball
3-0: Called Strike
3-1: Base on Balls
Alfredo Pacheco to second
Batting: RHB Sergio Rodríguez 0-0: Called Strike
0-1: Ball
1-1: Called Strike
1-2: Ball
2-2: Grounds into double play, 5-4-3 (Groundball, 56, EV 98.1 MPH)
Top of the 6th over - 0 runs, 0 hits, 0 errors, 1 left on base; Birmingham 4 - Chattanooga 7
BOTTOM OF THE 6TH
Chattanooga Lookouts batting - Pitching for Birmingham Barons : RHP Juan Carlos Nava
Batting: LHB Jeff Chase 0-0: Ball
1-0: Ball
2-0: Ball
3-0: Swinging Strike
3-1: Swinging Strike
3-2: Foul Ball, location: 2F
3-2: Strikes out swinging
Pitching: RHP Juan Sosa
Batting: RHB Ric Thompson 0-0: DOUBLE (Line Drive, 89XD, EV 100.0 MPH)
Batting: RHB Jon Castaneda 0-0: Ball
1-0: Swinging Strike
1-1: Ground out 6-3 (Groundball, 6, EV 105.6 MPH)
Batting: RHB Brendan Rogers 0-0: Foul Ball, location: 9LSF
0-1: Ball
1-1: Ball
2-1: Swinging Strike
2-2: Ball
3-2: SINGLE (Line Drive, 8LS, EV 85.6 MPH)
Ric Thompson to third
Batting: LHB Sal Anderson 0-0: Swinging Strike
0-1: Ball
1-1: Swinging Strike
1-2: Strikes out swinging
Bottom of the 6th over - 0 runs, 2 hits, 0 errors, 2 left on base; Birmingham 4 - Chattanooga 7
TOP OF THE 7TH
Birmingham Barons batting - Pitching for Chattanooga Lookouts : LHP Freddy Guillén
Batting: LHB Bob Douglas 0-0: Ball
1-0: Foul Ball, location: 7LMF
1-1: Called Strike
1-2: Ball
2-2: Ball
3-2: Base on Balls
Batting: RHB Jon Nelson 0-0: Ball
1-0: Foul Ball, location: 2F
1-1: Ball
2-1: Ball
3-1: Fly out, F8 (Flyball, 8RD, EV 91.9 MPH)
Batting: SHB Ken Ortíz 0-0: Called Strike
0-1: Ball
Bob Douglas steals 2nd base
1-1: Fly out, F5 (Popup, 5SF, EV 76.9 MPH)
Pitching: RHP Cliff Horn
Batting: RHB Chris Holt 0-0: Called Strike
0-1: Called Strike
0-2: Ball
1-2: TRIPLE (Flyball, 89XD, EV 110.6 MPH)
Bob Douglas scores
Batting: RHB Chris Smith 0-0: Called Strike
0-1: Ball
1-1: Ball
2-1: Called Strike
2-2: Fly out, F7 (Flyball, 7, EV 92.5 MPH)
Top of the 7th over - 1 run, 1 hit, 0 errors, 1 left on base; Birmingham 5 - Chattanooga 7
BOTTOM OF THE 7TH
Chattanooga Lookouts batting - Pitching for Birmingham Barons : RHP Juan Sosa
Batting: LHB Raúl Morales 0-0: Ball
1-0: Foul Ball, location: 7LDF
1-1: Ball
2-1: Fly out, F6 (Popup, 6, EV 57.5 MPH)
Batting: RHB Cristián Vázquez 0-0: Ball
1-0: Called Strike
1-1: Ball
2-1: SINGLE (Line Drive, 89M, EV 104.4 MPH)
Batting: SHB Dan Gray 0-0: Ball
1-0: Called Strike
1-1: Fly out, F9 (Flyball, 9D, EV 111.3 MPH)
Batting: LHB Wally Jeffreys 0-0: Called Strike
0-1: Ball
1-1: Ball
2-1: 2-RUN HOME RUN (Flyball, 89XD, EV 96.3 MPH), Distance : 385 ft
Batting: LHB Jeff Chase 0-0: Fly out, F8 (Flyball, 78M, EV 96.3 MPH)
Bottom of the 7th over - 2 runs, 2 hits, 0 errors, 0 left on base; Birmingham 5 - Chattanooga 9
TOP OF THE 8TH
Birmingham Barons batting - Pitching for Chattanooga Lookouts : RHP Cliff Horn
Batting: RHB Luis Trevino 0-0: Called Strike
0-1: DOUBLE (Groundball, 5L, EV 96.3 MPH)
Batting: RHB Alfredo Pacheco 0-0: Called Strike
0-1: Foul Ball, location: 2F
0-2: Ball
1-2: Ball
2-2: Ground out U3 (Groundball, 34, EV 109.4 MPH)
Luis Trevino to third
Batting: RHB César Chapa 0-0: Foul Ball, location: 5FF
0-1: Foul Ball, location: 3F
0-2: Ball
1-2: Foul Ball, location: 9LMF
1-2: Foul Ball, location: 25F
1-2: Foul Ball, location: 25F
1-2: Foul Ball, location: 2F
1-2: Fly out, F9 (Line Drive, 9LM, EV 90.6 MPH)
Runner from 3rd tags up, SCORES, no throw by RF
Batting: RHB Sergio Rodríguez 0-0: Ball
1-0: Swinging Strike
1-1: Ball
2-1: Ball
3-1: Foul Ball, location: 5FF
3-2: Foul Ball, location: 9LSF
3-2: Base on Balls
Batting: LHB Bob Douglas 0-0: Ball
1-0: Ball
2-0: Ground out 4-3 (Groundball, 4, EV 91.9 MPH)
Top of the 8th over - 1 run, 1 hit, 0 errors, 1 left on base; Birmingham 6 - Chattanooga 9
BOTTOM OF THE 8TH
Chattanooga Lookouts batting - Pitching for Birmingham Barons : RHP Juan Sosa
Batting: RHB Ric Thompson 0-0: Fly out, F4 (Popup, 23, EV 85.6 MPH)
Batting: RHB Jon Castaneda 0-0: Reached on error, E5 (Groundball, 5S, EV 69.4 MPH)
Batting: RHB Brendan Rogers 0-0: Called Strike
0-1: Ball
1-1: Foul Ball, location: 2RF
1-2: Ball
2-2: Strikes out swinging
Batting: LHB Sal Anderson 0-0: Ball
1-0: Called Strike
1-1: Called Strike
1-2: Ball
2-2: Fly out, F8 (Flyball, 8LS, EV 97.5 MPH)
Bottom of the 8th over - 0 runs, 0 hits, 1 error, 1 left on base; Birmingham 6 - Chattanooga 9
TOP OF THE 9TH
Birmingham Barons batting - Pitching for Chattanooga Lookouts : RHP Cliff Horn
Pitching: RHP Mitch Kennedy
Batting: RHB Jon Nelson 0-0: Ground out 4-3 (Groundball, 4M, EV 81.3 MPH)
Batting: SHB Ken Ortíz 0-0: Ball
1-0: Ball
2-0: Ball
3-0: Called Strike
3-1: Fly out, F5 (Popup, 56S, EV 63.8 MPH)
Batting: RHB Chris Holt 0-0: Foul Ball, location: 9LMFF
0-1: Fly out, F7 (Flyball, 78M, EV 94.4 MPH)
Top of the 9th over - 0 runs, 0 hits, 0 errors, 0 left on base; Birmingham 6 - Chattanooga 9
Monday, April 29th , 2024 - OOTP Baseball 24.10 Build 82